 Dungeon Crawl Stone Soup version 0.22-a0-608-g8a62e23 (webtiles) character file.

4266 royokou the Severer (level 10, -19/77 HPs)
             Began as a Minotaur Berserker on July 10, 2018.
             Was a High Priest of Trog.
             Engulfed by a cloud of freezing vapour (31 damage)
             ... on level 10 of the Dungeon.
             The game lasted 00:18:46 (7206 turns).

royokou the Severer (Minotaur Berserker)            Turns: 7206, Time: 00:18:47

Health: -19/77     AC: 13    Str: 23    XL:     10   Next: 10%
Magic:  9/9        EV: 16    Int:  5    God:    Trog [*****.]
Gold:   352        SH: 13    Dex: 14    Spells: 9/9 levels left

rFire    . . .     SeeInvis +   y - +0 war axe
rCold    . . .     Gourm    .   o - +1 large shield "Xeg Quo" {MR+ SInv}
rNeg     . . .     Faith    .   d - +0 plate armour
rPois    .         Spirit   .   (helmet restricted)
rElec    .         Reflect  .   F - +1 cloak {MR+}
rCorr    .         Harm     .   (no gloves)
MR       ++++.                  (no boots)
Stlth    ..........             h - amulet of the acrobat
HPRegen  1.22/turn              w - +3 ring of dexterity
MPRegen  0.11/turn              u - +1 ring of protection

@: berserk cooldown, acrobat, regenerating, slowed, heavily drained, very slow
A: retaliatory headbutt, horns 2
a: Berserk, Trog's Hand, Brothers in Arms, Renounce Religion


You were on level 10 of the Dungeon.
You worshipped Trog.
Trog was extremely pleased with you.
You were very hungry.

You visited 1 branch of the dungeon, and saw 9 of its levels.
You also visited: Ossuary.

You collected 352 gold pieces.

Inventory:

Hand Weapons
 b - a +4 arbalest of freezing
 y - a +0 war axe (weapon)
Armour
 d - a +0 plate armour (worn)
 o - the +1 large shield "Xeg Quo" (worn) {MR+ SInv}
   (You found it on level 5 of the Dungeon)

   It affects your resistance to hostile enchantments.
   It lets you see invisible.
 F - a +1 cloak of magic resistance (worn)
Jewellery
 h - an amulet of the acrobat (around neck)
 i - a +3 ring of intelligence
 u - a +1 ring of protection (right hand)
 w - a +3 ring of dexterity (left hand)
Wands
 r - a wand of scattershot (4)
 v - a wand of paralysis (33)
 x - a wand of clouds (4)
 B - a wand of acid (12)
 C - a wand of random effects (26)
Scrolls
 l - 5 scrolls of teleportation
 m - 5 scrolls of remove curse
 p - 2 scrolls of magic mapping
 A - a scroll of amnesia {unknown}
Potions
 e - 2 potions of lignification
 f - 3 potions of might
 g - 3 potions of cancellation
 j - 2 potions of flight
 k - 5 potions of haste
 n - a potion of berserk rage {unknown}
 q - 5 potions of curing
 s - 6 potions of heal wounds
 t - 3 potions of agility
 z - 2 potions of degeneration {unknown}
 D - a potion of magic {unknown}
 E - a potion of brilliance {unknown}
Comestibles
 c - 12 rations


   Skills:
 - Level 3.6(2.1) Fighting
 + Level 16.6(14.6) Axes
 - Level 2.4(1.0) Armour
 - Level 2.1(0.8) Dodging


You had 9 spell levels left.
You didn't know any spells.
Your spell library was empty.

Dungeon Overview and Level Annotations

Branches:
Dungeon (10/15)            Temple (0/1) D:4             Orc (0/2) D:9
   Lair: D:8-11

Altars:
Uskayaw
Xom
Zin

Shops:
D:7 }

Annotations:
D:5 1 runed door, Dietz's ghost, novice OpFi


Innate Abilities, Weirdness & Mutations

You reflexively headbutt those who attack you in melee.
You have a pair of horns on your head.


Message History

Your skin crawls.
You feel resistant to hostile enchantments.
You feel somewhat more hungry.
You are engulfed in freezing vapours.
A red film seems to cover your vision as you go berserk!
You feel yourself moving faster!
You feel mighty!
You are feeling very hungry.
You are engulfed in freezing vapours.
You feel a strong urge to attack something.
You are engulfed in freezing vapours.
You are engulfed in freezing vapours.
* * * LOW HITPOINT WARNING * * *
You feel your anger nearly subside.
You are no longer berserk.
You pass out from exhaustion.
You feel yourself slow down.
You can move again.
You are engulfed in freezing vapours.
* * * LOW HITPOINT WARNING * * *
You are engulfed in freezing vapours.
You die...

#...# #......... #.#.#
+.#..)#..# ##+##
######...###.........
......
#(..........########.
...... #()....####.# #.
......#####)..........#
#.
.......)..)..........##
..
###############'##.#.#
.
§§§§...§§§§§§§@..#...#
##################...#
§§........../$/?$#...#
######################
.'..gggg###########
###.g##g# #.. #.# ...
#.#


You could see a gnoll shaman.

Vanquished Creatures
  2 two-headed ogres (D:9)
  Maurice (D:10)
  A hippogriff (D:7)
  An orc warrior (D:9)
  A centaur (D:10)
  3 ogres
  A crocodile (D:10)
  A big kobold (D:10)
  6 bullfrogs
  A wyvern zombie (D:10)
  2 scorpions
  6 killer bees (D:9)
  3 howler monkeys (D:9)
  2 crimson imps
  2 hounds
  An iguana (D:4)
  4 orc priests
  3 orc wizards
  Ijyb (D:3)
  6 worker ants
  A killer bee zombie (D:9)
  5 big kobold zombies (Ossuary)
  A hound skeleton (D:4)
  A mummy (Ossuary)
  A howler monkey zombie (D:6)
  7 gnolls
  10 adders
  A shadow imp (D:6)
  2 oozes
  2 dart slugs
  2 worms
  3 leopard geckos
  23 orcs
  A spectral bat (Ossuary)
  11 bats
  9 giant cockroaches
  7 gnoll zombies (Ossuary)
  7 goblins
  10 hobgoblins
  11 jackals
  4 quokkas
  A ball python (D:3)
  6 bat simulacra (Ossuary)
  6 frilled lizards
  3 goblin simulacra (Ossuary)
  4 goblin zombies (Ossuary)
  4 hobgoblin zombies (Ossuary)
  A jackal skeleton (D:4)
  11 kobolds
  3 kobold simulacra (Ossuary)
  6 kobold zombies (Ossuary)
  A leopard gecko skeleton (D:4)
  4 orc zombies (Ossuary)
  12 rats
  4 rat simulacra (Ossuary)
  7 spectral goblins (Ossuary)
  3 spectral kobolds (Ossuary)
  3 spectral rats (Ossuary)
246 creatures vanquished.

Notes
Turn   | Place    | Note
-------+----------+-------------------------------------------
     0 | D:1      | royokou the Minotaur Berserker began the quest for the Orb.
     0 | D:1      | Reached XP level 1. HP: 19/19 MP: 0/0
    79 | D:1      | Reached skill level 4 in Axes
   158 | D:1      | Reached XP level 2. HP: 26/26 MP: 1/1
   348 | D:1      | Reached skill level 5 in Axes
   661 | D:2      | Reached XP level 3. HP: 31/31 MP: 2/2
   727 | D:2      | Reached ** piety under Trog
  1046 | D:2      | Reached skill level 6 in Axes
  1046 | D:2      | Reached XP level 4. HP: 38/39 MP: 3/3
  1475 | D:3      | Noticed a bullfrog
  1479 | D:3      | Killed a bullfrog
  1479 | D:3      | Reached skill level 7 in Axes
  1479 | D:3      | Reached XP level 5. HP: 45/45 MP: 4/4
  1528 | D:3      | Noticed Ijyb
  1531 | D:3      | Paralysed by Ijyb for 2 turns
  1540 | D:3      | Killed Ijyb
  1620 | D:3      | Noticed a hand axe
  1620 | D:3      | Noticed a dagger
  1622 | D:3      | Found a hide-covered altar of Uskayaw.
  1668 | D:3      | Reached *** piety under Trog
  1940 | D:3      | Found a glowing silver altar of Zin.
  2160 | D:4      | Reached skill level 8 in Axes
  2172 | D:4      | Found a staircase to the Ecumenical Temple.
  2284 | D:4      | Reached XP level 6. HP: 42/51 MP: 5/5
  2569 | D:4      | Reached skill level 9 in Axes
  3159 | D:5      | Entered Level 5 of the Dungeon
  3304 | D:5      | Reached XP level 7. HP: 55/57 MP: 6/6
  3470 | D:5      | Reached **** piety under Trog
  3483 | D:5      | Reached skill level 10 in Axes
  3540 | D:5      | Found a runed door.
  3540 | D:5      | Found a shimmering altar of Xom.
  3540 | D:5      | Noticed Dietz's ghost (novice OpFi)
  3544 | D:5      | Noticed a war axe of chaos
  3558 | D:5      | Got an ancient large shield
  3564 | D:5      | Identified the +1 large shield "Xeg Quo" {MR+ SInv} (You found it on level 5 of the Dungeon)
  3772 | D:6      | Reached skill level 11 in Axes
  3800 | D:6      | Reached XP level 8. HP: 51/64 MP: 7/7
  4009 | D:6      | Found a sand-covered staircase.
  4018 | Ossuary  | Entered an ossuary
  4118 | Ossuary  | Reached ***** piety under Trog
  4369 | Ossuary  | Received a gift from Trog
  4473 | Ossuary  | Reached skill level 12 in Axes
  4911 | D:7      | Noticed a hippogriff
  4921 | D:7      | Killed a hippogriff
  5301 | D:7      | Reached skill level 13 in Axes
  5504 | D:7      | Found Yleseid's Gadget Shop.
  5563 | D:7      | You fall through a shaft for 2 floors!
  5583 | D:9      | Found a staircase to the Orcish Mines.
  6023 | D:9      | Reached XP level 9. HP: 67/70 MP: 8/8
  6033 | D:9      | Reached skill level 14 in Axes
  6209 | D:9      | Noticed a two-headed ogre
  6225 | D:9      | Killed a two-headed ogre
  6225 | D:9      | Reached skill level 15 in Axes
  6372 | D:9      | Noticed a two-headed ogre
  6412 | D:9      | Killed a two-headed ogre
  6412 | D:9      | Reached skill level 16 in Axes
  6894 | D:10     | Entered Level 10 of the Dungeon
  6919 | D:10     | Noticed Maurice
  6929 | D:10     | Killed Maurice
  6929 | D:10     | Reached XP level 10. HP: 77/77 MP: 9/9
  7206 | D:10     | Engulfed by a cloud of freezing vapour

Vault maps used:
D:1:      shiori_arrival_maze
D:3:      dancing_weapons_uskayaw, lemuel_coloured_pillars_altar,
          minmay_misc_feat_iff, st_stairs_7, kennysheep_potato, uniq_ijyb
D:4:      minmay_temple_entry_overgrown, first_ration, roderic_lattice_a,
          grunt_ministairs_6, minmay_close_crescents
D:5:      ebering_ghost_xom, kennysheep_generic_room_5
D:6:      nicolae_ossuary_entry_monument
D:7:      minmay_the_grid_octo_triangle, serial_shops,
          nicolae_shop_window_shopping
D:9:      orc_0_dummy
D:10:     lemuel_ice_spiral_2, lair_entry_dummy, grunt_ogre_cave, uniq_maurice
Ossuary:  ossuary_zaba_two_paths

Skill      XL: |  1  2  3  4  5  6  7  8  9 |
---------------+----------------------------+-----
Axes           | 4 5 6 7 8 9 11 13 16 | 16.6
Fighting       | |  3.6
Armour         | |  2.4
Dodging        | |  2.1

Action                   |  1- 3 |  4- 6 |  7- 9 | 10-12 || total
-------------------------+-------+-------+-------+-------++-------
Melee: Hand axe          |    92 |   142 |   272 |       ||   506
       Headbutt          |     6 |    34 |    91 |     7 ||   138
       War axe           |       |       |   115 |    28 ||   143
Invok: Berserk           |       |     1 |     6 |     1 ||     8
       Trog's Hand       |       |       |     2 |     1 ||     3
  Use: Scroll            |       |     9 |     5 |       ||    14
 Stab: Sleeping          |     2 |       |       |       ||     2
  Eat: Chunk             |       |     9 |    13 |     2 ||    24
       Ration            |       |       |     1 |       ||     1
Armor: Animal skin       |    10 |       |       |       ||    10
       Scale mail        |     8 |    33 |    77 |       ||   118
       Ring mail         |     4 |       |       |       ||     4
       Plate armour      |       |       |     5 |     9 ||    14
Dodge: Dodged            |    55 |    68 |    65 |     2 ||   190
Block: Large shield      |       |       |   177 |    12 ||   189

Table legend:
 A = Spawn XP
 B = Non-spawn XP
 C = Spawn XP percentage of total XP
 D = Spawn monster count
 E = Non-spawn monster count
 F = Spawn count percentage of total count
 G = Total turns spent on level
                    A         B        C        D         E        F      G
               +---------+---------+-------+---------+---------+-------+---------
         Total |       0 |    6095 |   0.0 |       0 |     245 |   0.0 |  7206
               +---------+---------+-------+---------+---------+-------+---------
           D:1 |       0 |      39 |   0.0 |       0 |      24 |   0.0 |   658
           D:2 |       0 |      72 |   0.0 |       0 |      22 |   0.0 |   651
           D:3 |       0 |     228 |   0.0 |       0 |      39 |   0.0 |   845
           D:4 |       0 |     382 |   0.0 |       0 |      21 |   0.0 |  1061
           D:5 |       0 |     213 |   0.0 |       0 |      15 |   0.0 |   480
           D:6 |       0 |     559 |   0.0 |       0 |      15 |   0.0 |   713
           D:7 |       0 |     572 |   0.0 |       0 |      10 |   0.0 |   660
           D:9 |       0 |    2890 |   0.0 |       0 |      24 |   0.0 |  1331
          D:10 |       0 |     931 |   0.0 |       0 |      15 |   0.0 |   312
       Ossuary |       0 |     209 |   0.0 |       0 |      60 |   0.0 |   495
               +---------+---------+-------+---------+---------+-------+---------
